AoeStats
← thecakemaker

Arena

504426559Analyzed
3v3 RM · 27d ago on Sep 5, 2026· 69m 41s· 6 players
Game mode
Random Map
Map size
Normal (6 player)
Population
200
Speed
Normal
Resources
Standard
Victory
Conquest
Starting age
Dark Age
Ending age
Imperial Age
RankedLock teamsTeams togetherTeam positionsShared explorationLock speedFull tech treeHidden civsTurbo modeCheats
Victory
Defeat
🇪🇸 Spanish · Spain
1087
+13
🇫🇷 Khmer · France
1000
+48
🇪🇸 Celts · Spain
924
+20
🇦🇺 Spanish · Australia
1095
-20
🇦🇺 Italians · Australia
1051
-18
🇦🇺 Turks · Australia
893
-12
dan.babaille
10:36 Feudal Age
11:17 Horse Collar
11:25 Double-Bit Axe
14:53 Wheelbarrow
20:23 Castle Age
18:32 Gold Mining
18:48 Stone Mining
19:31 Loom
19:31 Town Watch
20:25 Fletching
20:41 Scale Mail Armor
21:34 Heavy Plow
21:54 Bow Saw
22:20 Pikeman
22:34 Elite Skirmisher
23:58 Bodkin Arrow
25:00 Town Patrol
25:46 Padded Archer Armor
26:08 Bloodlines
27:01 Forging
27:14 Masonry
28:25 Ballistics
29:50 Gold Shaft Mining
30:00 Murder Holes
32:14 Stone Shaft Mining
32:32 Hand Cart
32:45 Husbandry
32:52 Devotion
33:12 Tusk Swords
34:10 Arson
33:52 Light Cavalry
43:06 Imperial Age
41:13 Iron Casting
40:44 Scale Barding Armor
40:54 Leather Archer Armor
40:55 Chain Mail Armor
40:34 Heated Shot
40:55 Fortified Wall
40:35 Guard Tower
43:39 Chain Barding Armor
44:28 Crop Rotation
44:04 Halberdier
44:15 Cavalier
47:44 Coinage
hadry2790
13:33 Feudal Age
14:41 Double-Bit Axe
14:40 Horse Collar
17:22 Castle Age
15:29 Loom
15:40 Fletching
17:15 Gold Mining
19:14 Bow Saw
19:06 Heavy Plow
19:14 Pikeman
20:35 Scale Mail Armor
22:51 Sanctity
25:02 Wheelbarrow
27:21 Squires
27:33 Forging
29:11 Chain Mail Armor
31:36 Elite Skirmisher
32:18 Padded Archer Armor
32:14 Bodkin Arrow
33:39 Hand Cart
36:51 Imperial Age
35:28 Redemption
35:19 Devotion
35:31 Husbandry
35:41 Bloodlines
35:01 Light Cavalry
36:54 Halberdier
37:51 Leather Archer Armor
38:08 Plate Mail Armor
38:13 Iron Casting
39:18 Chemistry
39:17 Block Printing
39:21 Thumb Ring
40:33 Conscription
41:02 Bracer
41:33 Ring Archer Armor
41:43 Illumination
43:05 Blast Furnace
42:39 Arson
44:59 Two-Man Saw
45:37 Scale Barding Armor
49:17 Hoardings
49:53 Hussar
50:58 Chain Barding Armor
51:14 Gambesons
53:02 Plate Barding Armor
53:35 Stone Mining
53:43 Capped Ram
57:46 Cavalier
59:56 Caravan
59:40 Paladin
62:27 Man-at-Arms
62:32 Siege Ram
63:58 Stone Shaft Mining
63:05 Long Swordsman
64:27 Two-Handed Swordsman
65:31 Champion
68:46 Supremacy
Croquetero
0:34 Loom
11:15 Feudal Age
14:52 Castle Age
13:28 Double-Bit Axe
13:37 Horse Collar
18:24 Loom
19:39 Wheelbarrow
21:00 Bow Saw
24:22 Gold Mining
24:22 Stone Mining
25:12 Hand Cart
30:17 Imperial Age
29:33 Gold Shaft Mining
29:10 Forging
28:50 Fletching
29:01 Scale Mail Armor
29:01 Padded Archer Armor
29:04 Caravan
28:52 Treadmill Crane
29:27 Fortified Wall
29:30 Arson
29:31 Gambesons
30:52 Stone Shaft Mining
29:46 Pikeman
30:17 Arson
30:18 Gambesons
31:17 Murder Holes
32:00 Conscription
31:31 Stronghold
32:18 Hoardings
32:23 Halberdier
34:20 Halberdier
35:20 Capped Ram
38:08 Heavy Scorpion
39:25 Onager
41:10 Husbandry
40:31 Light Cavalry
43:11 Iron Casting
42:31 Bodkin Arrow
43:53 Hussar
48:14 Siege Ram
50:00 Hoardings
52:22 Siege Engineers
57:44 Furor Celtica
58:03 Ballistics
66:35 Chemistry
70:48 Blast Furnace
70:03 Chain Mail Armor
70:04 Leather Archer Armor
thecakemaker
12:37 Feudal Age
10:53 Loom
13:43 Double-Bit Axe
17:03 Horse Collar
20:40 Castle Age
20:25 Wheelbarrow
24:15 Crossbowman
25:01 Thumb Ring
25:17 Scale Barding Armor
25:13 Scale Mail Armor
29:32 Hand Cart
36:33 Sipahi
43:18 Imperial Age
41:38 Ballistics
41:34 Padded Archer Armor
41:45 Forging
45:50 Heavy Camel Rider
47:55 Chain Barding Armor
47:51 Chain Mail Armor
Hiyu222
5:14 Loom
12:05 Feudal Age
12:53 Double-Bit Axe
17:14 Castle Age
17:19 Horse Collar
18:48 Bow Saw
21:08 Wheelbarrow
22:34 Heavy Plow
25:37 Hand Cart
26:36 Gold Mining
29:02 Fletching
29:21 Padded Archer Armor
29:32 Forging
29:55 Stone Mining
29:29 Crossbowman
31:12 Thumb Ring
31:22 Fortified Wall
30:55 Treadmill Crane
31:30 Masonry
34:55 Imperial Age
32:12 Town Watch
33:25 Iron Casting
32:50 Bodkin Arrow
33:10 Leather Archer Armor
33:56 Stone Shaft Mining
36:42 Chemistry
35:48 Arbalester
37:44 Conscription
37:58 Bracer
39:44 Ring Archer Armor
41:08 Silk Road
41:49 Ballistics
43:41 Bloodlines
42:51 Cavalier
45:52 Scale Barding Armor
46:23 Iron Casting
46:06 Caravan
48:06 Architecture
48:03 Chain Barding Armor
50:21 Plate Barding Armor
50:47 Blast Furnace
51:34 Murder Holes
55:45 Ballistics
60:46 Elite Genoese Crossbowman
61:28 Light Cavalry
62:48 Hussar
63:29 Husbandry
wayne_king
2:03 Loom
11:42 Feudal Age
13:20 Loom
16:06 Castle Age
14:22 Double-Bit Axe
14:52 Horse Collar
16:32 Wheelbarrow
18:27 Heavy Plow
24:02 Hand Cart
31:06 Imperial Age
29:04 Bloodlines
28:55 Husbandry
31:00 Forging
30:56 Scale Mail Armor
30:50 Fletching
31:01 Padded Archer Armor
33:07 Chemistry
32:52 Conscription
33:12 Hoardings
33:06 Leather Archer Armor
35:28 Masonry
35:48 Ballistics
41:27 Capped Ram
42:31 Scale Barding Armor
42:36 Forging
41:51 Light Cavalry
42:40 Hussar
44:25 Chain Barding Armor
44:41 Iron Casting
46:48 Bow Saw
46:25 Town Watch
50:08 Elite Conquistador
Connection lost

Rejoining the realm…

Still unreachable

The connection could not be restored.

Session expired

The server has moved on; the page needs a fresh start.